Map: [ESL] Gresvan

Players

DisK - Winner!

  • Race: Protoss Protoss
  • Spawn Location: 5:00

Future

  • Race: Terran Terran
  • Spawn Location: 11:00

Event: ESL SC2 Masters 2023 Summer (Regionals)

VOD

Have the link to the VOD?

Description

Time

  • Played on: May 2, 2023, 2:23 p.m.
  • Length: 14:04

All games in this series

Show
View Real Time Build Order
Export as new Build Order

DisK Protoss - Winner!

Build Orders: 1 Gate Expand, Blink Stalkers 

Get SALT Encoding   

  12  0:00  Probe  
  13  0:12  Probe  
  14  0:16  Pylon  
  14  0:26  Probe (Chrono Boost)  
  15  0:35  Gateway  
  15  0:38  Probe (Chrono Boost)  
  16  0:46  Probe (Chrono Boost)  
  16  0:48  Assimilator  
  17  0:52  Probe  
  18  1:04  Probe  
  19  1:16  Probe  
  20  1:22  Cybernetics Core  
  20  1:24  Zealot  
  22  1:40  Nexus  
  22  1:47  Pylon  
  22  1:50  Probe  
  23  2:03  Adept (Chrono Boost)  
  23  2:05  Probe  
  23  2:07  Assimilator  
  25  2:17  Probe  
  25  2:27  Stalker  
  27  2:30  Probe  
  27  2:36  Twilight Council  
  28  2:42  Probe (Chrono Boost)  
  29  2:47  Warp Gate  
  29  2:52  Probe (Chrono Boost)  
  29  2:54  Probe (Chrono Boost)  
  31  3:01  Probe x2 (Chrono Boost)  
  32  3:06  Probe (Chrono Boost)  
  32  3:08  Probe  
  33  3:18  Probe  
  34  3:20  Probe  
  35  3:28  Blink  
  35  3:30  Probe (Chrono Boost)  
  35  3:36  Probe (Chrono Boost)  
  34  3:42  Probe (Chrono Boost)  
  34  3:48  Probe x2 (Chrono Boost)  
  35  3:55  Gateway  
  34  3:56  Robotics Facility  
  34  3:57  Probe  
  34  4:00  Probe  
  36  4:09  Probe  
  37  4:12  Probe (Chrono Boost)  
  37  4:15  Pylon  
  38  4:20  Assimilator  
  38  4:22  Assimilator  
  40  4:24  Probe (Chrono Boost)  
  40  4:28  Probe (Chrono Boost)  
  38  4:33  Probe (Chrono Boost)  
  38  4:35  Probe (Chrono Boost)  
  40  4:39  Stalker  
  40  4:44  Probe (Chrono Boost)  
  44  4:46  Observer  
  44  4:51  Probe (Chrono Boost)  
  45  4:54  Stalker  
  45  4:55  Probe (Chrono Boost)  
  48  5:04  Probe  
  48  5:05  Probe  
  48  5:13  Pylon, Stalker  
  48  5:14  Robotics Bay  
  50  5:16  Probe  
  50  5:17  Probe  
  50  5:18  Stalker  
  54  5:24  Pylon  
  54  5:33  Observer  
  54  5:35  Nexus  
  54  5:39  Probe x2, Observer  
  56  5:50  Gateway  
  56  5:52  Gateway  
  56  5:55  Probe x2  
  58  6:07  Probe x2  
  58  6:10  Colossus (Chrono Boost)  
  60  6:14  Stalker x2  
  70  6:27  Pylon  
  70  6:28  Templar Archives  
  70  6:29  Extended Thermal Lance  
  70  6:40  Pylon  
  70  6:42  Pylon, Shield Battery  
  70  6:44  Charge (Chrono Boost), Observer  
  70  6:45  Probe x2  
  72  6:47  Probe  
  72  6:49  Observer  
  72  6:53  Colossus (Chrono Boost)  
  73  7:01  Zealot, Sentry  
  81  7:02  Probe, Zealot  
  81  7:03  Probe  
  81  7:04  Probe  
  86  7:24  Pylon  
  86  7:25  High Templar, Zealot x3  
  86  7:29  Forge  
  93  7:31  Gateway  
  93  7:36  Probe, Colossus (Chrono Boost)  
  93  7:37  Probe  
  93  7:44  Probe  
  98  7:46  Pylon  
  98  7:49  Probe  
  98  7:50  Stalker x3  
  103  7:55  Probe  
  103  7:56  Probe  
  103  7:57  Protoss Ground Weapons Level 1 (Chrono Boost)  
  103  7:58  Shield Battery  
  105  8:01  Probe  
  106  8:07  Gateway  
  106  8:08  Probe x2  
  106  8:10  Zealot  
  110  8:14  Assimilator  
  110  8:17  Assimilator  
  109  8:26  Zealot x4  
  105  8:32  Zealot  
  105  8:33  Disruptor  
  108  8:57  Zealot x5  
  108  9:07  Colossus (Chrono Boost)  
  108  9:09  Probe x2  
  98  9:19  Gateway  
  98  9:23  Nexus  
  98  9:25  Robotics Facility  
  98  9:26  Gateway  
  98  9:27  Gateway  
  98  9:29  Pylon  
  98  9:31  Protoss Ground Weapons Level 2 (Chrono Boost)  
  98  9:32  High Templar  
  98  9:33  High Templar x2, Pylon  
  98  9:35  Zealot x2  
  98  9:36  Pylon  
  98  9:38  Archon  
  108  9:39  Archon  
  108  9:40  Pylon  
  108  9:48  Pylon  
  108  9:52  Zealot  
  110  9:55  Disruptor (Chrono Boost)  
  110  9:59  Photon Cannon x3  
  113  10:00  Probe x3  
  113  10:01  Pylon  
  113  10:03  Stalker x2  
  120  10:07  Stalker  
  120  10:08  Stalker  
  120  10:09  Stalker  
  126  10:14  Probe x3  
  129  10:24  Observer (Chrono Boost)  
  129  10:27  Probe x3  
  133  10:29  Shield Battery  
  133  10:31  Disruptor (Chrono Boost)  
  133  10:34  Pylon  
  136  10:37  Probe  
  136  10:39  Probe, Forge  
  136  10:41  Observer  
  139  10:43  Zealot x2  
  143  10:50  Photon Cannon  
  143  10:53  Pylon  
  141  10:57  Stalker x4  
  141  11:03  Stalker x2  
  152  11:05  Disruptor  
  152  11:10  Observer  
  156  11:18  Protoss Ground Weapons Level 3 (Chrono Boost)  
  156  11:21  Disruptor  
  156  11:22  Protoss Ground Armor Level 1 (Chrono Boost), Zealot x7, Observer  
  170  11:36  Probe x2  
  172  11:40  Assimilator  
  172  11:43  Assimilator  
  172  11:53  Stalker x3  
  176  11:54  Stalker x5  
  176  12:00  Disruptor  
  183  12:18  Zealot x8  
  171  12:32  Zealot  
  173  12:38  Zealot x3  
  173  12:39  Zealot x5  
  172  12:52  Observer  
  150  13:00  Disruptor (Chrono Boost)  
  150  13:01  Warp Prism (Chrono Boost), Zealot x9  
  175  13:15  Dark Shrine  
  171  13:24  Nexus  
  171  13:38  Zealot x2  
Show
View Real Time Build Order
Export as new Build Order

Future Terran 

Build Orders:  

Get SALT Encoding   

  12  0:00  SCV  
  13  0:12  SCV  
  14  0:17  Supply Depot  
  14  0:24  SCV  
  15  0:39  SCV  
  15  0:40  Barracks  
  16  0:47  Refinery  
  16  0:51  SCV  
  16  0:55  Refinery  
  17  1:03  SCV  
  18  1:15  SCV  
  19  1:26  Reaper  
  19  1:27  Orbital Command  
  20  1:35  Supply Depot  
  20  1:46  Factory  
  20  1:53  SCV  
  21  2:00  Reaper  
  22  2:05  SCV  
  23  2:18  SCV  
  23  2:30  SCV  
  23  2:31  Command Center  
  23  2:35  Hellion  
  26  2:39  Starport  
  26  2:44  SCV  
  26  2:50  Supply Depot  
  27  2:57  Widow Mine, SCV  
  30  3:09  SCV  
  31  3:17  Medivac  
  31  3:18  Widow Mine  
  35  3:21  SCV  
  36  3:33  SCV  
  35  3:41  Factory Tech Lab  
  34  3:44  Orbital Command, Barracks Reactor  
  34  3:45  SCV  
  34  3:55  Starport Tech Lab  
  34  3:57  SCV  
  34  4:01  Siege Tank  
  34  4:02  Bunker  
  39  4:10  SCV, Refinery  
  39  4:11  Orbital Command  
  39  4:19  Raven  
  39  4:21  Marine x2  
  39  4:22  SCV  
  44  4:25  Barracks  
  42  4:34  SCV  
  42  4:36  SCV  
  44  4:39  Marine x2  
  44  4:41  Siege Tank  
  44  4:45  Supply Depot  
  49  4:46  SCV  
  49  4:48  SCV  
  51  4:57  Marine x2  
  51  4:58  SCV  
  54  5:01  Barracks  
  54  5:03  SCV  
  53  5:10  SCV  
  53  5:11  Engineering Bay  
  53  5:13  Supply Depot  
  54  5:15  Marine x2, SCV  
  54  5:16  Starport Reactor  
  57  5:22  Stimpack, SCV, Marauder  
  57  5:26  Supply Depot  
  57  5:27  SCV  
  61  5:34  SCV, Marine  
  61  5:35  Marine  
  64  5:38  Terran Infantry Weapons Level 1  
  64  5:39  SCV  
  64  5:40  Factory Reactor  
  65  5:44  Marauder, Refinery, Supply Depot  
  67  5:50  SCV  
  67  5:51  SCV  
  67  5:53  Marine x2, Supply Depot  
  67  5:56  Combat Shield  
  71  6:02  Marauder  
  73  6:05  Marauder  
  73  6:06  Supply Depot  
  72  6:13  Marine x2  
  72  6:20  SCV  
  72  6:23  Marauder  
  74  6:27  Marauder  
  74  6:32  Marine x2, Factory Reactor  
  78  6:33  Medivac x2  
  82  6:43  Supply Depot  
  82  6:44  Supply Depot  
  82  6:45  Marauder  
  84  6:48  Marauder  
  84  6:50  Marine x2  
  88  6:56  Command Center  
  88  7:06  Marauder  
  88  7:07  Medivac x2  
  88  7:08  Marine x2  
  96  7:09  Marauder  
  98  7:22  Widow Mine x2  
  100  7:27  Marauder, Supply Depot  
  100  7:28  Supply Depot  
  102  7:31  Marauder  
  102  7:32  SCV x2  
  102  7:37  Marine x2, Medivac x2  
  106  7:41  Concussive Shells  
  112  7:48  SCV  
  112  7:49  Barracks x2, SCV  
  112  7:55  Marauder x2  
  116  8:01  SCV x2  
  116  8:05  Marine x2  
  118  8:07  Terran Infantry Armor Level 1  
  120  8:13  SCV x2, Viking  
  124  8:25  Marauder x2  
  128  8:30  SCV x2  
  128  8:32  Marine x2  
  132  8:45  Barracks Tech Lab  
  132  8:46  Marauder, Barracks Reactor  
  132  8:47  Marauder  
  134  8:49  Viking x2  
  112  9:03  SCV  
  112  9:05  SCV  
  112  9:08  Marauder  
  112  9:09  Marine  
  100  9:18  Orbital Command, SCV x2  
  100  9:19  Viking x2  
  100  9:21  Bunker  
  100  9:22  Ghost Academy  
  110  9:24  Marauder x2, Marine x2  
  110  9:28  Marine, Refinery  
  110  9:29  Marine, Marauder  
  116  9:35  Refinery  
  116  9:42  Marine x2  
  116  9:45  Marauder, Factory Reactor  
  122  9:46  Marauder, Marine  
  122  9:50  Starport, Marauder  
  122  9:52  Liberator x2  
  131  9:58  Marine  
  132  10:06  Ghost x2  
  136  10:08  SCV  
  136  10:09  SCV, Supply Depot  
  136  10:10  SCV  
  136  10:11  Supply Depot, Ghost  
  141  10:14  Marine x2  
  141  10:15  Marine  
  141  10:18  Supply Depot  
  141  10:19  Supply Depot  
  141  10:20  Missile Turret  
  144  10:23  Missile Turret  
  144  10:25  Missile Turret  
  144  10:32  Marine  
  144  10:33  Marine  
  144  10:34  Marine  
  151  10:35  Marauder x2  
  151  10:36  Marine  
  151  10:40  Marauder  
  154  10:49  Marine  
  154  10:51  Marine  
  154  10:57  Marauder x2  
  160  11:02  Marauder, Command Center  
  160  11:03  Liberator  
  160  11:04  Liberator  
  168  11:08  Liberator  
  168  11:09  Liberator  
  174  11:19  Supply Depot x2  
  174  11:33  Armory  
  174  11:34  Engineering Bay  
  174  11:36  Supply Depot  
  174  11:37  Supply Depot  
  174  11:41  Marauder x3, Marine x2  
  174  11:42  Marine x2  
  174  11:45  Fusion Core  
  184  11:53  SCV x3  
  185  12:01  Missile Turret  
  185  12:03  Marauder  
  185  12:04  Marauder x2, Sensor Tower, Marine  
  185  12:06  Marine  
  187  12:09  Marine x2  
  184  12:18  SCV  
  184  12:21  SCV x2  
  165  12:36  SCV  
  166  12:38  SCV  
  166  12:39  Ghost x2  
  166  12:40  Ghost  
  156  12:47  Planetary Fortress  
  156  12:48  SCV  
  119  12:58  Marine x2  
  119  12:59  Marine  
  119  13:02  SCV x3  
  117  13:09  Marauder x3, Marine  
  121  13:14  SCV  
  121  13:15  SCV x2  
  124  13:20  Liberator x2  
  124  13:26  SCV  
  129  13:30  Marauder x2  
  138  13:41  Marauder, Marine  
Tags
 
Add a new tag
Caveats
  • Supply blocks, unpowered buildings, or Contaminate may cause inaccurate times.
  • Supply counts are checked every 10 seconds.